 Dungeon Crawl Stone Soup version 0.32-a0-666-ge8a88695a4 (webtiles) character file.

Game seed: 5446347079225688765

128 juan097 the Charlatan (level 5, -6/40 HPs)
             Began as a Coglin Artificer on Mar 9, 2024.
             Killed by nerve-wracking pain
             ... invoked by an orc priest
              (14 damage)
             ... on level 3 of the Dungeon.
             The game lasted 00:04:32 (1898 turns).

juan097 the Charlatan (Coglin Artificer)            Turns: 1898, Time: 00:04:33

Health: -6/40      AC:  5    Str: 14    XL:     5   Next: 12%
Magic:  5/5        EV: 10    Int: 10    God:
Gold:   113        SH:  0    Dex: 15    Spells: 4/4 levels left

rFire   . . .        a - +3 flail {Kannika}
rCold   . . .        q - +0 flail {Latda}
rNeg    . . .        m - +0 ring mail
rPois   .            (no helmet)
rElec   .            (no cloak)
rCorr   .            (no gloves)
SInv    .            (no boots)
Will    .....        (amulet unavailable)
Stlth   +            (ring unavailable)
HPRegen 0.26/turn    (ring unavailable)
MPRegen 0.09/turn    (no gizmo)

%: no passive effects
@: revved
A: off-hand wielding, slow wielding, warmup strikes, no jewellery
a: Invent Gizmo, Convert to Beogh


You were on level 3 of the Dungeon.
You visited 1 branch of the dungeon, and saw 3 of its levels.

You collected 113 gold pieces.

Inventory:

Hand Weapons
 a - a +3 flail (weapon) {Kannika}
 f - a +0 war axe
 q - a +0 flail (offhand) {Latda}
Missiles
 n - 5 poisoned darts
Armour
 b - a +0 leather armour
 m - a +0 ring mail (worn)
Wands
 c - a wand of flame (15) (quivered)
 d - a wand of charming (14)
 e - a wand of iceblast (5)
Scrolls
 i - 2 scrolls of teleportation {unknown}
 j - 3 scrolls of identify {unknown}
 k - a scroll of enchant armour {unknown}
 l - a scroll of amnesia {unknown}
 o - a scroll of noise {unknown}
 r - a scroll of blinking {unknown}
 s - a scroll of immolation {unknown}
Potions
 g - 2 potions of heal wounds {unknown}
 h - 2 potions of attraction {unknown}
 p - 2 potions of curing {unknown}


   Skills:
 + Level 2.8 Fighting
 * Level 0.0 Maces & Flails
 - Level 1.7 Armour
 - Level 0.8 Dodging
 + Level 2.4 Stealth
 + Level 5.3 Evocations


You had 4 spell levels left.
You didn't know any spells.
Your spell library was empty.

Dungeon Overview and Level Annotations

Branches:
Dungeon (3/15)

Altars:


Innate Abilities, Weirdness & Mutations

You can wield a second weapon in your off-hand.
It takes a long time for you to wield or remove held weapons.
Your first few attacks do less damage.
You cannot equip rings or amulets.


Message History

You completely miss the orc with your +0 flail.
You sock the orc with your +3 flail!
You kill the orc!
The ball python closely misses you. The ball python grabs you.
The ball python constricts you.
You hit the ball python with your +0 flail.
The ball python is almost dead.
You closely miss the ball python with your +3 flail.
The ball python bites you. The ball python constricts you.
The ball python bites you but does no damage.
The ball python constricts you. The orc hits you with a +0 hand axe.
You closely miss the ball python with your +3 flail.
The ball python is almost dead.
You sock the ball python with your +0 flail!
You kill the ball python!
The orc hits you with a +0 hand axe.
The orc priest shouts, "Beogh offers mercy even to people such as you.
Join us and be reborn!" (press Y on the ability menu to convert to Beogh)
You completely miss the orc with your +3 flail.
You completely miss the orc with your +0 flail.
The orc hits you with a +0 hand axe.
You barely miss the orc with your +3 flail.
You hit the orc with your +0 flail. The orc hits you with a +0 hand axe.
The orc priest mumbles some strange prayers to Beogh against you.
Pain shoots through your body! The orc hits you with a +0 hand axe.
You barely miss the orc with your +3 flail.
The orc is severely wounded.
You closely miss the orc with your +0 flail.
The orc priest hits you but does no damage.
The orc hits you with a +0 hand axe.
* * * LOW HITPOINT WARNING * * *
You completely miss the orc with your +3 flail.
The orc is severely wounded.
You thump the orc with your +0 flail!
You kill the orc!
The orc priest hits you with a +0 whip.
* * * LOW HITPOINT WARNING * * *
The orc priest mumbles some strange prayers to Beogh against you.
Pain shoots through your body!
You die...

#. .o ##. .###
#.S ..#.# #..
..#.# #.o#+#...#
#.)#@)...#
#..o.....#
##.#.....#
...#.....#
#########†#.#.#
..........#.#.##.
##..............
#..............
#..............


You could see an orc priest.

Vanquished Creatures
  An orc wizard (D:3)
  4 gnolls
  An adder (D:3)
  3 dart slugs (D:1)
  6 orcs
  3 ball pythons
  4 endoplasms
  5 hobgoblins
  3 jackals (D:1)
  5 kobolds
  2 quokkas
  A bat (D:3)
  7 rats
45 creatures vanquished.

Notes
Turn   | Place    | Note
-------+----------+-------------------------------------------
     0 | D:1      | juan097 the Coglin Artificer began the quest for the Orb.
     0 | D:1      | Reached XP level 1. HP: 15/15 MP: 1/1
    46 | D:1      | Reached skill level 1 in Stealth
    83 | D:1      | Reached XP level 2. HP: 17/21 MP: 2/2
   720 | D:2      | Reached XP level 3. HP: 27/27 MP: 3/3
  1308 | D:2      | Reached XP level 4. HP: 20/33 MP: 4/4
  1407 | D:2      | Reached skill level 5 in Evocations
  1876 | D:3      | Reached XP level 5. HP: 34/40 MP: 5/5
  1898 | D:3      | Killed from afar by an orc priest

Illustrated notes

Levels and vault maps discovered:
D:1:      reono_arrival_mine, layout_rooms
D:2:      minmay_chambers_of_twos, layout_loops_ring
D:3:      layout_basic, serial_bayou_crossing

Skill      XL: |  1  2  3  4 |
---------------+-------------+-----
Stealth        | 1 2 |  2.4
Fighting       | 2 |  2.8
Evocations     | 5 |  5.3
Armour         | |  1.7
Dodging        | |  0.8

Action                     |  1- 3 |  4- 6 || total
---------------------------+-------+-------++-------
  Melee: Club              |    94 |    13 ||   107
         Dagger            |    86 |    12 ||    98
         Flail             |       |    53 ||    53
  Throw: Dart              |       |     3 ||     3
  Evoke: Wand              |     1 |       ||     1
   Stab: Sleeping          |     1 |       ||     1
 Armour: Leather armour    |    24 |       ||    24
         Ring mail         |    33 |    38 ||    71
  Dodge: Dodged            |    49 |    28 ||    77

Table legend: (Time is in decaauts)
 A = Elapsed time spent in this place.
 B = Non-inter-level travel time spent in this place.
 C = Inter-level travel time spent in this place.
 D = Time resting spent in this place.
 E = Time spent auto-exploring this place.
 F = Levels seen in this place.
 G = Mean time per level.
                   A        B        C        D        E       F      G
               +--------+--------+--------+--------+--------+-----+--------+
         Total |   1930 |   1853 |     77 |      9 |   1355 |   3 |  643.3 |
       Dungeon |   1930 |   1853 |     77 |      9 |   1355 |   3 |  643.3 |
               +--------+--------+--------+--------+--------+-----+--------+

Top non-repeatable levels by time:
     D:2: 1073 daAuts
     D:1: 612 daAuts
     D:3: 245 daAuts
